 Dungeon Crawl Stone Soup version 0.29.0-4-gdea44cf6ec (webtiles) character file.

Game seed: 4382362521339556983

75 qw the Chopper (level 4, 0/26 HPs)
             Began as a Tengu Warper on Aug 28, 2022.
             Slain by Terence
             ... wielding a +0 hand axe
              (1 damage)
             ... on level 3 of the Dungeon.
             The game lasted 00:00:12 (1844 turns).

qw the Chopper (Tengu Warper)                       Turns: 1844, Time: 00:00:12

Health: 0/26       AC: 10    Str: 13    XL:     4   Next: 31%
Magic:  0/8        EV:  3    Int: 14    God:
Gold:   107        SH:  0    Dex: 13    Spells: 7/7 levels left

rFire   . . .      SeeInvis .   Y - +0 hand axe
rCold   . . .      Faith    .   (no shield)
rNeg    . . .      Spirit   +   f - +0 plate armour
rPois   .          Reflect  .   (helmet restricted)
rElec   .          Harm     .   (no cloak)
rCorr   .          Rampage  .   (no gloves)
Will    .....                   (boots unavailable)
Stlth   ..........              e - amulet of guardian spirit
HPRegen 0.08/turn               (no ring)
MPRegen 0.11/turn               (no ring)

@: about to teleport
A: beak, talons 3
a: no special abilities


You were on level 3 of the Dungeon.
You visited 1 branch of the dungeon, and saw 3 of its levels.

You collected 107 gold pieces.


Innate Abilities, Weirdness & Mutations

You have a beak for a mouth.
You have claws for feet.


   Skills:
 - Level 2.0 Fighting
 + Level 4.5 Axes
 - Level 1.0 Throwing
 - Level 2.0 Armour
 - Level 2.1 Dodging
 - Level 2.0 Spellcasting
 - Level 2.4 Translocations


You had 7 spell levels left.
You didn't know any spells.
Your spell library contained the following spells:

 Spells                   Type           Power      Damage    Failure   Level
 Blink                    Tloc           16%        N/A       100%        2
 Gell's Gravitas          Tloc           8%         N/A       100%        3
 Lesser Beckoning         Tloc           8%         N/A       100%        3
 Teleport Other           Tloc           8%         N/A       100%        3
 Manifold Assault         Tloc           8%         N/A       100%        5

Inventory:

Hand Weapons
 i - a +0 mace
 Y - a +0 hand axe (weapon)
Armour
 f - a +0 plate armour (worn)
Jewellery
 e - an amulet of guardian spirit (around neck)
 k - a ring of fire
Scrolls
 a - a scroll of teleportation
 b - a scroll of identify
 m - a scroll of immolation {unknown}
Potions
 c - a potion of magic {unknown}
 d - a potion of flight {unknown}
 g - a potion of might {unknown}
 h - a potion of haste
 j - a potion of lignification {unknown}
 l - a potion of degeneration {unknown}

Dungeon Overview and Level Annotations

Branches:
Dungeon (3/15)

Altars:

Annotations:
D:3 Terence


Message History

You hit Terence but do no damage. Terence hits you with a +0 hand axe.
You hit Terence but do no damage.
Terence is moderately wounded.
You hit the orc priest but do no damage.
Terence hits you with a +0 hand axe.
The orc priest miscasts a cantrip.
You hit Terence but do no damage. Your kick misses Terence.
Terence is moderately wounded.
You closely miss the orc priest. Terence hits you with a +0 hand axe.
The orc priest looks encouraged for a moment.
You hit Terence but do no damage. You claw Terence. Your peck misses Terence.
Terence is heavily wounded.
You hit the orc priest. Terence hits you but does no damage.
The orc priest hits you with a +0 club.
An orc wizard comes into view. It is wielding a +0 dagger.
The orc wizard shouts!
You hit Terence. Your peck misses Terence.
Terence is severely wounded.
You hit the orc priest but do no damage.
Terence hits you with a +0 hand axe.
The orc priest hits you but does no damage.
You closely miss Terence. You claw Terence, but do no damage.
Your peck misses Terence.
Terence is severely wounded.
You hit the orc priest. Terence barely misses you.
The orc priest hits you but does no damage.
Terence hits you but does no damage.
The orc priest calls down the wrath of Beogh upon you.
Beogh smites you!
You hear a bark!
1844 ||| READING 2 scrolls of teleportation.
As you read the scroll of teleportation, it crumbles to dust.
You feel strangely unstable.
You hear a bark!
A jackal comes into view.
The orc priest hits you with a +0 club. Terence hits you with a +0 hand axe.
You die...

#..###....###..#...#.#
#..............#.#.#.#
########.#.###...##<.......
........###....####.#......
########.#.#...............
##.##.######.###...# #.##.#
#.......#
.o####o##.######.%##....
..oJor@@.......... #..##
.h##############.###.%<%
#.....)%. ####..... #.....
#..... #..... ##.### #.#


You could see Terence, an orc priest, an orc wizard, 2 orcs, an endoplasm, a
quokka and a jackal.

Vanquished Creatures
  2 adders
  3 dart slugs
  2 bats (D:2)
  2 endoplasms (D:1)
  3 giant cockroaches
  4 goblins
  7 hobgoblins
  5 jackals
  4 kobolds
  5 ball pythons
  2 frilled lizards
  9 rats
48 creatures vanquished.

Notes
Turn   | Place    | Note
-------+----------+-------------------------------------------
     0 | D:1      | qw the Tengu Warper began the quest for the Orb.
     0 | D:1      | Reached XP level 1. HP: 12/12 MP: 4/4
     0 | D:1      | 0 ||| qw: Version: 0.1-a-89-g26bdef1
     0 | D:1      | 0 ||| qw: Game counter: 3019
     0 | D:1      | 0 ||| qw: Always use a shield: true
     0 | D:1      | 0 ||| qw: God list: Okawaru
     0 | D:1      | 0 ||| qw: Allow faded altars: false
     0 | D:1      | 0 ||| qw: Do Orc after D:15 true
     0 | D:1      | 0 ||| qw: Do second Lair branch before Depths: true
     0 | D:1      | 0 ||| qw: Lair rune preference: random
     0 | D:1      | 0 ||| qw: Plans: Normal
     0 | D:1      | 0 ||| PLANNING D:1-11
    69 | D:1      | 69 ||| Stepping ~*~*~tactically~*~*~ (stealth).
    72 | D:1      | 72 ||| Stepping ~*~*~tactically~*~*~ (stealth).
    76 | D:1      | Reached XP level 2. HP: 17/17 MP: 6/6
    86 | D:1      | Reached skill level 3 in Axes
   271 | D:1      | HP: 3/17 [hobgoblin (4)]
   725 | D:1      | 725 ||| UPGRADING to +0 plate armour.
   735 | D:1      | 735 ||| DROPPING +0 leather armour.
   736 | D:1      | 736 ||| READING scroll labelled VUWKUBR ATOITT.
   737 | D:1      | 737 ||| READING scroll labelled SOWEW BEXYRY.
   738 | D:1      | 738 ||| DROPPING scroll of blinking.
   763 | D:2      | 763 ||| STAIRDANCE
   830 | D:2      | Reached XP level 3. HP: 21/21 MP: 7/7
   892 | D:2      | Reached skill level 4 in Axes
  1096 | D:2      | 1096 ||| Stepping ~*~*~tactically~*~*~ (stealth).
  1141 | D:2      | 1141 ||| DROPPING +0 club.
  1547 | D:2      | 1547 ||| UPGRADING to amulet of guardian spirit.
  1552 | D:2      | 1552 ||| READING 2 scrolls labelled ZYSCHO HETHRA.
  1555 | D:2      | 1555 ||| READING 2 scrolls labelled JAISAIWIMY.
  1556 | D:2      | 1556 ||| DRINKING 2 emerald potions.
  1589 | D:3      | 1589 ||| STAIRDANCE
  1598 | D:3      | Reached XP level 4. HP: 26/26 MP: 6/8
  1828 | D:3      | Noticed Terence
  1843 | D:3      | HP: 2/26 [orc priest/divine providence (10)]
  1844 | D:3      | 1844 ||| READING 2 scrolls of teleportation.
  1844 | D:3      | Slain by Terence

Levels and vault maps discovered:
D:1:      onia_arrival_handbag, layout_rooms, minivault_23
D:2:      layout_loops_ring
D:3:      layout_loops_ring, fountainhead, uniq_terence

Skill      XL: |  1  2  3 |
---------------+----------+-----
Axes           | 3 4 |  4.5
Armour         | 2 |  2.0
Fighting       | |  2.0
Throwing       | |  1.0
Dodging        | |  2.1
Spellcasting   | |  2.0
Translocations | |  2.4

Action                   |  1- 3 |  4- 6 || total
-------------------------+-------+-------++-------
Melee: Hand axe          |    71 |    31 ||   102
       Kick              |    11 |    10 ||    21
       Peck              |     4 |     4 ||     8
Throw: Boomerang         |     7 |       ||     7
  Use: Scroll            |     4 |     1 ||     5
       Potion            |     1 |       ||     1
Armor: Leather armour    |     3 |       ||     3
       Plate armour      |    53 |    19 ||    72
Dodge: Dodged            |    22 |     6 ||    28

Table legend:
 A = Non-vault XP
 B = Vault XP
 C = Vault XP percentage of total XP
 D = Non-vault monster count
 E = Vault monster count
 F = Vault count percentage of total count
                 A         B        C        D         E       F
            +---------+---------+-------+---------+---------+-------
      Total |     104 |       4 |   3.7 |      44 |       4 |   8.3
            +---------+---------+-------+---------+---------+-------
        D:1 |      24 |       4 |  14.3 |      12 |       4 |  25.0
        D:2 |      42 |       0 |   0.0 |      18 |       0 |   0.0
        D:3 |      38 |       0 |   0.0 |      14 |       0 |   0.0
            +---------+---------+-------+---------+---------+-------
